 Dungeon Crawl Stone Soup version 0.21.1-1-g345015fe64 (webtiles) character file.

234 Norian the Conjurer (level 5, 0/28 HPs)
             Began as a Deep Elf Conjurer on July 8, 2018.
             Was an Initiate of Vehumet.
             Killed by divine providence
             ... invoked by an orc priest
              (13 damage)
             ... on level 4 of the Dungeon.
             The game lasted 00:10:01 (2464 turns).

Norian the Conjurer (Deep Elf Conjurer)             Turns: 2464, Time: 00:10:02

Health: 0/28       AC:  6    Str:  6    XL:     5   Next: 75%
Magic:  2/15       EV: 13    Int: 20    God:    Vehumet [......]
Gold:   142        SH:  0    Dex: 15    Spells: 9/16 levels left

rFire    . . .     SeeInvis .   e - -3 dagger (curse)
rCold    . . .     Gourm    .   (no shield)
rNeg     . . .     Faith    .   l - +0 robe (curse)
rPois    .         Spirit   .   n - +0 helmet
rElec    .         Reflect  .   o - +2 cloak
rCorr    .         Harm     .   (no gloves)
MR       .....                  (no boots)
Stlth    +++.......             (no amulet)
HPRegen  0.09/turn              g - ring of stealth
MPRegen  0.14/turn              (no ring)

@: lethally poisoned (0 -> -2)
A: no striking features
a: Renounce Religion


You were on level 4 of the Dungeon.
You worshipped Vehumet.
Vehumet was noncommittal.
You were not hungry.

You visited 1 branch of the dungeon, and saw 4 of its levels.

You collected 142 gold pieces.

Inventory:

Hand Weapons
 e - a cursed -3 dagger (weapon)
Armour
 l - a cursed +0 robe (worn)
 n - a +0 helmet (worn)
 o - a +2 cloak (worn)
Jewellery
 g - a ring of stealth (left hand)
Scrolls
 a - a scroll of fog {unknown}
 f - a scroll of magic mapping {unknown}
 h - a scroll of enchant armour {unknown}
 i - 3 scrolls of remove curse {unknown}
 j - a scroll of noise {unknown}
 k - 5 scrolls of identify {unknown}
 p - a scroll of enchant weapon {unknown}
Potions
 d - 2 potions of berserk rage {unknown}
 m - a potion of flight {unknown}
Books
 b - a book of Conjurations

   Spells                             Type                      Level
   a - Magic Dart                     Conjuration                  1
   b - Searing Ray                    Conjuration                  2
   c - Dazzling Spray                 Conjuration/Hexes            3
   d - Fulminant Prism                Conjuration/Hexes            4
   e - Force Lance                    Conjuration/Translocation    4
   f - Iskenderun's Mystic Blast      Conjuration                  4
Comestibles
 c - 5 rations


   Skills:
 - Level 2.4 Dodging
 - Level 2.4 Stealth
 + Level 6.1 Spellcasting
 + Level 6.3 Conjurations


You had 9 spell levels left.
You knew the following spells:

 Your Spells              Type           Power        Failure   Level  Hunger
a - Magic Dart            Conj           ####         1%          1    None
b - Searing Ray           Conj           ####..       1%          2    None
c - Iskenderun's Mystic   Conj           ####....     8%          4    ####...


Dungeon Overview and Level Annotations

Branches:
Dungeon (4/15)
 Temple: D:4-7

Altars:
Makhleb
Vehumet


Message History

You feel sick.
The orc priest calls upon Beogh to heal the orc priest.
The orc priest is healed somewhat.
Casting: Iskenderun's Mystic Blast
Confirm with . or Enter, or press ? or * to list all spells.
Aiming: Magic Dart
Press: ? - help, Shift-Dir - straight line, f/p - worker ant
Aim: a worker ant (moderately wounded)
Okay, then.
The worker ant waves its antennae.
You feel sick.
The orc priest mumbles some strange prayers to Beogh against you.
Beogh smites you!
The orc priest looks braver for a moment.
You feel sick.
You feel sick.
There is a stone staircase leading up here.
The orc priest calls down the wrath of Beogh upon you.
Beogh smites you!
You die...

## ## #. .. .. ...
..# .###. #.###..##
...... #.#.......
.....#.###..(......#
.....#..@...........
###
......###a.........#
#..
.......#..........#
#.. #
#..............####..
#......o.............
#.............>####..
##.รท............ #a.
#.......oo...... #..
.......#....##....
###


You could see a worker ant, 2 orc priests and an orc.

Vanquished Creatures
  A scorpion (D:3)
  A crimson imp (D:3)
  Jessica (D:2)
  An orc wizard (D:3)
  Crazy Yiuf (D:3)
  3 dart slugs
  6 orcs
  5 giant cockroaches
  11 goblins
  4 hobgoblins
  5 kobolds
  A quokka (D:3)
  A ball python skeleton (D:4)
  9 bats
  6 frilled lizards
  5 rats
61 creatures vanquished.

Notes
Turn   | Place    | Note
-------+----------+-------------------------------------------
     0 | D:1      | Norian the Deep Elf Conjurer began the quest for the Orb.
     0 | D:1      | Reached XP level 1. HP: 10/10 MP: 6/6
   183 | D:1      | Reached XP level 2. HP: 15/15 MP: 5/8
   972 | D:2      | Noticed Jessica
   975 | D:2      | Killed Jessica
   975 | D:2      | Reached skill level 5 in Conjurations
   975 | D:2      | Reached XP level 3. HP: 19/19 MP: 5/10
  1345 | D:2      | Learned a level 2 spell: Searing Ray
  1633 | D:3      | Reached XP level 4. HP: 24/24 MP: 3/12
  1946 | D:3      | Reached skill level 5 in Spellcasting
  2098 | D:3      | Found a radiant altar of Vehumet.
  2112 | D:3      | Reached XP level 5. HP: 10/28 MP: 0/15
  2113 | D:3      | Found a burning altar of Makhleb.
  2118 | D:3      | Became a worshipper of Vehumet
  2275 | D:3      | Learned a level 4 spell: Iskenderun's Mystic Blast
  2336 | D:3      | Found a runed door.
  2340 | D:3      | Noticed Crazy Yiuf
  2342 | D:3      | Killed Crazy Yiuf
  2378 | D:4      | Noticed an ogre
  2464 | D:4      | Killed from afar by an orc priest

Skill      XL: |  1  2  3  4  5 |
---------------+----------------+-----
Spellcasting   | 4 5 6 |  6.1
Conjurations   | 5 6 |  6.3
Dodging        | |  2.4
Stealth        | |  2.4

Action                   |  1- 3 |  4- 6 || total
-------------------------+-------+-------++-------
 Cast: Magic Dart        |    71 |    59 ||   130
       Searing Ray       |       |     2 ||     2
       Iskenderun's Myst |       |     5 ||     5
  Eat: Chunk             |     2 |     3 ||     5
Armor: Robe              |     2 |     2 ||     4
Dodge: Dodged            |     4 |     8 ||    12
